 Dungeon Crawl Stone Soup version 0.28.0-47-ge53b351184 (webtiles) character file.

Game seed: 7711077841486501692

1960 bobregger the Basher (level 9, -5/81 (84) HPs)
             Began as an Ogre Berserker on Apr 27, 2022.
             Was a Priest of Trog.
             Slain by Pikel
             ... wielding a +1 whip of freezing
              (7 damage)
             ... on level 5 of the Dungeon.
             The game lasted 00:07:24 (7274 turns).

bobregger the Basher (Ogre Berserker)               Turns: 7274, Time: 00:07:24

HP:   -5/81 (84)    AC:  4    Str: 27    XL:     9   Next: 19%
MP:   9/9           EV: 10    Int:  8    God:    Trog [***...]
Gold: 294           SH:  0    Dex:  8    Spells: 8/8 levels left

rFire   . . .      SeeInvis .   j - +0 whip (elec)
rCold   . . .      Faith    .   (no shield)
rNeg    + . .      Spirit   .   b - +0 animal skin
rPois   .          Reflect  .   m - +1 hat
rElec   .          Harm     .   (no cloak)
rCorr   .          Rampage  .   (gloves unavailable)
Will    .....                   (boots unavailable)
Stlth   +.........              (no amulet)
HPRegen 0.23/turn               g - ring of positive energy
MPRegen 0.11/turn               (no ring)

@: confused, mighty, on berserk cooldown, lightly drained
A: large, unfitting armour, tough skin 1
a: Renounce Religion, Berserk, Trog's Hand


You were on level 5 of the Dungeon.
You worshipped Trog.
Trog was most pleased with you.
You visited 1 branch of the dungeon, and saw 6 of its levels.

You collected 294 gold pieces.

Inventory:

Hand Weapons
 j - a +0 whip of electrocution (weapon)
 v - a +4 flail
Missiles
 u - 2 throwing nets (quivered)
Armour
 b - a +0 animal skin (worn)
 m - a +1 hat (worn)
Jewellery
 g - a ring of positive energy (left hand)
Wands
 n - a wand of flame (6)
 w - a wand of charming (6)
Scrolls
 a - 2 scrolls of enchant weapon {unknown}
 c - 2 scrolls of immolation {unknown}
 d - 3 scrolls of teleportation {unknown}
 h - a scroll of silence {unknown}
 i - 3 scrolls of identify {unknown}
 o - 3 scrolls of acquirement {unknown}
 p - a scroll of magic mapping {unknown}
 q - a scroll of blinking {unknown}
 s - a scroll of vulnerability {unknown}
Potions
 k - a potion of cancellation
 l - a potion of ambrosia {unknown}
 r - 2 potions of attraction {unknown}
 t - a potion of heal wounds {unknown}


   Skills:
 - Level 4.0 Fighting
 + Level 11.1 Maces & Flails
 - Level 2.6 Dodging


You had 8 spell levels left.
You didn't know any spells.
Your spell library was empty.

Dungeon Overview and Level Annotations

Branches:
Dungeon (6/15)
 Temple: D:4-7

Altars:
Ashenzari
Dithmenos
Fedhas
Kikubaaqudgha
Xom
The Shining One

Shops:
D:4 *

Annotations:
D:5 Pikel


Innate Abilities, Weirdness & Mutations

You are too large for most types of armour.
You have tough skin. (AC +1)


Message History

You feel magically purged.
You feel yourself speed up.
You feel yourself slow down.
You feel less confused.
You feel a little less mighty now.
Pikel zaps a wand.
Your will is overpowered!
You are confused.
You feel very mighty all of a sudden.
Pikel hits you with a +1 whip of freezing!
* * * LOW HITPOINT WARNING * * *
Pikel freezes you.
* * * LOW HITPOINT WARNING * * *
Unknown command.
Okay, then.
You whack Pikel!
Pikel is heavily wounded.
You bump into the rock wall.
Pikel zaps a wand.
Your will is overpowered!
You are more confused.
The now-empty wand crumbles to dust.
You miss Pikel.
Pikel is heavily wounded.
Pikel hits you with a +1 whip of freezing!
* * * LOW HITPOINT WARNING * * *
Pikel freezes you.
* * * LOW HITPOINT WARNING * * *
You bump into the rock wall.
Pikel hits you with a +1 whip of freezing!
* * * LOW HITPOINT WARNING * * *
Pikel freezes you.
* * * LOW HITPOINT WARNING * * *
You miss Pikel.
Pikel is heavily wounded.
You hit Pikel.
Pikel is heavily wounded.
Pikel closely misses you.
You whack Pikel!
Pikel is severely wounded.
Okay, then.
You hit Pikel.
Pikel is severely wounded.
Pikel hits you with a +1 whip of freezing!
You die...

#.# #......)))..[.........# ..#
###...##########......# #.#
#...# #....>.# #.#
#...############.##.#
#.#########...##...........##.#
..............##.############.#
#.##########..##.# #...#
#.##########..##.# #.###
.......[..<...##@# #.#
#############.##K# #.# #
####.##.# ##.## #
#....##.#########...#### #
#.#####................. # #.#
##.#########...###. # #.#
##...#########...... # #.#
#...>......# #####.. # #.#
##..[#####.# #..


You could see Pikel.

Vanquished Creatures
  Grinder (D:3)
  Prince Ribbit (D:5)
  Menkaure (D:6)
  Duvessa (D:4)
  Edmund (D:5)
  A black bear (D:2)
  An ogre (D:6)
  A centaur (D:5)
  A lemure (D:5)
  A kobold brigand (D:6)
  Blork the orc (D:4)
  A scorpion (D:5)
  Dowan (D:4)
  5 wights (D:6)
  A howler monkey (D:4)
  4 hounds
  Ijyb (D:4)
  An iguana (D:5)
  An orc wizard (D:4)
  3 killer bee zombies
  2 hound skeletons
  A mummy (D:4)
  4 gnolls
  5 adders
  An ufetubus (D:5)
  3 worms
  4 dart slugs
  4 orcs (D:4)
  8 ball pythons
  4 endoplasms
  3 giant cockroaches
  4 hobgoblins (D:1)
  3 jackals
  14 kobolds
  3 quokkas
  6 bats
  A frilled lizard (D:1)
  11 goblins
  A goblin zombie (D:4)
  A hobgoblin zombie (D:4)
  5 rats
117 creatures vanquished.

Vanquished Creatures (others)
  A fungus (D:3)
1 creature vanquished.

Grand Total: 118 creatures vanquished

Notes
Turn   | Place    | Note
-------+----------+-------------------------------------------
     0 | D:1      | bobregger the Ogre Berserker began the quest for the Orb.
     0 | D:1      | Reached XP level 1. HP: 24/24 MP: 1/1
     3 | D:1      | Noticed an electric eel
     4 | D:1      | Noticed an electric eel
   166 | D:1      | Found a faded altar of an unknown god.
   195 | D:1      | Reached skill level 3 in Maces & Flails
   234 | D:1      | Reached XP level 2. HP: 32/32 MP: 2/2
   877 | D:1      | Reached XP level 3. HP: 29/39 MP: 3/3
  1389 | D:2      | Reached skill level 4 in Maces & Flails
  1928 | D:2      | Reached XP level 4. HP: 46/48 MP: 4/4
  2209 | D:2      | Reached ** piety under Trog
  2455 | D:3      | Found an ancient bone altar of Kikubaaqudgha.
  2635 | D:3      | Found a glowing golden altar of the Shining One.
  2656 | D:3      | Found a shadowy altar of Dithmenos.
  2694 | D:3      | Noticed a black bear
  2695 | D:3      | Noticed Grinder
  2716 | D:2      | Killed a black bear
  2717 | D:2      | Reached skill level 5 in Maces & Flails
  2717 | D:2      | Reached XP level 5. HP: 41/54 MP: 5/5
  2858 | D:3      | Paralysed by Grinder for 6 turns
  2873 | D:3      | Killed Grinder
  2874 | D:3      | Reached skill level 6 in Maces & Flails
  2874 | D:3      | Reached XP level 6. HP: 29/62 MP: 6/6
  3163 | D:3      | Found a shimmering altar of Xom.
  3363 | D:3      | Found a broken altar of Ashenzari.
  3465 | D:4      | Noticed Blork the orc
  3473 | D:4      | Killed Blork the orc
  3474 | D:4      | Reached skill level 7 in Maces & Flails
  3474 | D:4      | Reached XP level 7. HP: 40/70 MP: 7/7
  3626 | D:4      | Noticed Dowan
  3626 | D:4      | Noticed Duvessa
  3642 | D:4      | Killed Duvessa
  3670 | D:4      | Killed Dowan
  3842 | D:4      | Reached skill level 8 in Maces & Flails
  4086 | D:4      | Noticed Ijyb
  4099 | D:4      | Killed Ijyb
  4540 | D:4      | Found Rusuefoh's Retail Resort.
  4591 | D:4      | Reached XP level 8. HP: 73/78 MP: 8/8
  4803 | D:5      | Entered Level 5 of the Dungeon
  4911 | D:5      | Reached *** piety under Trog
  4958 | D:5      | Noticed Prince Ribbit
  4963 | D:5      | Killed Prince Ribbit
  4964 | D:5      | Reached skill level 9 in Maces & Flails
  5525 | D:5      | Found a blossoming altar of Fedhas.
  5743 | D:6      | Reached skill level 10 in Maces & Flails
  5820 | D:6      | Noticed Menkaure
  5830 | D:6      | Killed Menkaure
  6176 | D:6      | Reached XP level 9. HP: 70/84 MP: 9/9
  6913 | D:6      | Noticed Edmund
  6914 | D:6      | Noticed Pikel
  6954 | D:5      | Killed Edmund
  6955 | D:5      | Reached skill level 11 in Maces & Flails
  7270 | D:5      | HP: 2/81 [Pikel/+1 whip of freezing (8)]
  7274 | D:5      | Slain by Pikel

Illustrated notes

Levels and vault maps discovered:
D:1:      arrival_aquarium_b, layout_basic, hellmonk_ecumenical_altar_zigzags
D:2:      layout_loops_corners, chequers_serial_rivers_micro_c,
          chequers_serial_rivers_marsh, grunt_ministairs_1,
          corexii_hall_statues_x
D:3:      layout_rooms, lemuel_tele_altar, mainiacjoe_overflow_surrounded_room,
          mainiacjoe_overflow_big_doors, mainiacjoe_overflow_catwalk,
          uniq_grinder
D:4:      minmay_recursive_quarters, layout_rooms, nicolae_ossuary_entry_giza,
          nicolae_alphabet_shops, cheibrodos_gnoll_hut, uniq_blork_the_orc,
          uniq_duvessa, uniq_ijyb
D:5:      layout_loops_ring, kennysheep_mini, uniq_prince_ribbit1
D:6:      layout_cave_pods, minmay_temple_entry_ruins, uniq_menkaure,
          uniq_maggie, uniq_pikel, uniq_crazy_yiuf_cottage, uniq_edmund

Skill      XL: |  1  2  3  4  5  6  7  8  9 |
---------------+----------------------------+-----
Maces & Flails | 3 4 5 6 7 8 10 11 | 11.1
Fighting       | |  4.0
Dodging        | |  2.6

Action                   |  1- 3 |  4- 6 |  7- 9 || total
-------------------------+-------+-------+-------++-------
Melee: Mace              |   114 |    16 |       ||   130
       Punch             |     2 |       |     2 ||     4
       Whip              |       |    43 |   285 ||   328
Invok: Berserk           |       |     2 |     6 ||     8
  Use: Potion            |       |       |     5 ||     5
Armor: Animal skin       |    44 |    12 |    57 ||   113
       Skin              |       |       |    14 ||    14
Dodge: Dodged            |    67 |    36 |   121 ||   224
